 Dungeon Crawl Stone Soup version 0.20.1-1-g8b1a95d (webtiles) character file.

205 letownia2 the Grave Robber (level 5, -2/44 HPs)
             Began as a Deep Dwarf Necromancer on Dec 7, 2017.
             Slain by a worker ant (5 damage)
             ... on level 4 of the Dungeon.
             The game lasted 00:03:57 (1286 turns).

letownia2 the Grave Robber (Deep Dwarf Necromancer) Turns: 1286, Time: 00:03:57

Health: -2/44      AC:  5    Str: 11    XL:     5   Next: 53%
Magic:  0/9        EV: 11    Int: 17    God:
Gold:   111        SH:  0    Dex: 13    Spells: 5/9 levels left

rFire    . . .     SeeInvis .   a - +0 short sword
rCold    . . .     Gourm    .   (no shield)
rNeg     . . .     Faith    .   g - +0 ring mail
rPois    .         Spirit   .   (no helmet)
rElec    .         Reflect  .   (no cloak)
rCorr    .         Harm     .   (no gloves)
MR       .....                  (no boots)
Stlth    +.........             (no amulet)
Regen    0.0/turn               (no ring)
MPRegen  0.2/turn               (no ring)

@: lethally poisoned (-2 -> -2), very slightly contaminated, non-regenerating
A: damage resistance, heal wounds, sense surroundings 1, no regeneration
a: Heal Wounds


You were on level 4 of the Dungeon.
You were not hungry.

You visited 1 branch of the dungeon, and saw 4 of its levels.

You collected 111 gold pieces.

Inventory:

Hand Weapons
 a - a +0 short sword (weapon)
 o - a +0 spear
Armour
 e - a +0 robe
 g - a +0 ring mail (worn)
Wands
 m - a wand of disintegration (9/24)
Scrolls
 k - a scroll of teleportation {unknown}
 l - a scroll of fear {unknown}
 q - 3 scrolls of identify {unknown}
Potions
 d - a potion of magic {unknown}
 h - a potion of degeneration {unknown}
 i - a potion of berserk rage {unknown}
 p - 2 potions of mutation {unknown}
Books
 b - a book of Necromancy

   Spells                             Type                      Level
   a - Pain                           Necromancy                   1
   b - Animate Skeleton               Necromancy                   1
   c - Vampiric Draining              Necromancy                   3
   d - Regeneration                   Charms/Necromancy            3
   e - Animate Dead                   Necromancy                   4
   f - Control Undead                 Necromancy                   4
Comestibles
 c - 4 bread rations
 f - a meat ration
 j - a royal jelly
 n - a chunk of flesh


   Skills:
 + Level 1.5 Fighting
 - Level 2.1 Dodging
 - Level 2.4 Stealth
 + Level 2.6 Spellcasting
 - Level 6.6 Necromancy


You had 5 spell levels left.
You knew the following spells:

 Your Spells              Type           Power        Failure   Level  Hunger
a - Pain                  Necr           ###.         2%          1    #......
v - Vampiric Draining     Necr           ###.......   9%          3    ###....


Dungeon Overview and Level Annotations

Branches:
Dungeon (4/15)
 Temple: D:4-7

Altars:

Shops:
D:4 (

Annotations:
D:4 Kingsmith's ghost, novice DECj


Innate Abilities, Weirdness & Mutations

You are resistant to damage.
You can heal yourself by infusing magical energy.
You passively map a small area around you.
You do not regenerate.


Message History

The worker ant bites you but does no damage.
Unknown command.
You hit the worker ant but do no damage.
The worker ant is heavily wounded.
The bat misses you. The bat barely misses you. The worker ant misses you.
The bat hits you. The worker ant bites you.
* * * LOW HITPOINT WARNING * * *
You are more poisoned.
The worker ant poisons you!
You hit the worker ant.
The worker ant is heavily wounded.
The bat hits you but does no damage. The worker ant bites you.
Unknown command.
You aren't carrying any pieces of jewellery.
Unknown command.
Okay, then.
You hit the worker ant.
The worker ant is severely wounded.
The bat hits you but does no damage. The worker ant bites you.
You die...

*, .........##..###
, #. #######..##..#
* #. #..##..# #.*
### #..##..# , ?.
o.# #..##..# * *#.
*#.# #..##..### #o
#.# #.......[.
#a###.####..###..##
#.@bW.......# #....
#####.####.## ##.##
#.# #.# #.## #.#
#.## #.## #.#
#..####...
#.####.........
#.W....W#####..
######.....##.#
#.###.##..


You could see a worker ant, Kingsmith's ghost, an orc and a bat.

Vanquished Creatures
  A scorpion (D:4)
  A bullfrog zombie (D:4)
  A worker ant (D:4)
  3 gnolls (D:4)
  2 howler monkey skeletons (D:4)
  4 adders
  A dart slug (D:4)
  A leopard gecko (D:4)
  An orc (D:4)
  A ball python (D:4)
  A bat (D:3)
  A giant cockroach (D:1)
  A goblin (D:1)
  A kobold (D:2)
  A frilled lizard (D:1)
  A rat (D:3)
22 creatures vanquished.

Notes
Turn   | Place    | Note
-------+----------+-------------------------------------------
     0 | D:1      | letownia2 the Deep Dwarf Necromancer began the quest for the Orb.
     0 | D:1      | Reached XP level 1. HP: 15/15 MP: 3/3
   333 | D:4      | Reached XP level 2. HP: 16/22 MP: 5/5
   391 | D:4      | Noticed a scorpion
   403 | D:4      | Killed a scorpion
   403 | D:4      | Reached skill level 5 in Necromancy
   403 | D:4      | Reached XP level 3. HP: 19/28 MP: 0/6
   403 | D:4      | Reached XP level 4. HP: 24/36 MP: 0/7
   408 | D:4      | Learned a level 3 spell: Vampiric Draining
   507 | D:4      | Noticed Kingsmith's ghost (novice DECj)
   724 | D:4      | Reached skill level 6 in Necromancy
   881 | D:4      | Found Vighaomi's Antique Weapon Emporium.
   931 | D:4      | Reached XP level 5. HP: 34/42 MP: 3/8
  1186 | D:4      | Reached skill level 1 in Fighting
  1286 | D:4      | Slain by a worker ant

Skill      XL: |  1  2  3  4  5 |
---------------+----------------+-----
Spellcasting   | 2 |  2.6
Necromancy     | 5 6 |  6.6
Fighting       | 1 |  1.5
Dodging        | |  2.1
Stealth        | |  2.4

Action                   |  1- 3 |  4- 6 || total
-------------------------+-------+-------++-------
Melee: Short sword       |    11 |    64 ||    75
       Unarmed           |     4 |       ||     4
 Cast: Pain              |    22 |    23 ||    45
       Vampiric Draining |       |     9 ||     9
  Eat: Chunk             |       |     3 ||     3
Armor: Robe              |     3 |       ||     3
       Ring mail         |     7 |    66 ||    73
Dodge: Dodged            |    10 |    99 ||   109
